 Dungeon Crawl Stone Soup version 0.25-a0-86-ga6f17ae7d4 (webtiles) character file.

Game seed: 9586965276389679429, levelgen mode: deterministic

46 D1HalberdGnoll the Poker (level 3, 0/28 HPs)
             Began as a Merfolk Skald on Nov 9, 2019.
             Slain by Crazy Yiuf
             ... wielding a +2 quarterstaff of chaos
              (5 damage)
             ... on level 2 of the Dungeon.
             The game lasted 00:01:21 (856 turns).

D1HalberdGnoll the Poker (Merfolk Skald)             Turns: 856, Time: 00:01:22

Health: 0/28       AC:  6    Str: 12    XL:     3   Next: 68%
Magic:  3/6        EV: 13    Int: 12    God:
Gold:   62         SH:  0    Dex: 13    Spells: 5/6 levels left

rFire    . . .     SeeInvis .   a - +0 spear
rCold    . . .     Gourm    .   (no shield)
rNeg     . . .     Faith    .   b - +0 leather armour
rPois    .         Spirit   .   i - +2 helmet
rElec    .         Reflect  .   (no cloak)
rCorr    .         Harm     .   (no gloves)
MR       .....                  (no boots)
Stlth    +.........             (no amulet)
HPRegen  0.09/turn              (no ring)
MPRegen  0.10/turn              (no ring)

@: infused
A: change form in water, swift swim, stealthy swim
a: no special abilities


You were on level 2 of the Dungeon.
You were not hungry.

You visited 1 branch of the dungeon, and saw 2 of its levels.

You collected 62 gold pieces.

Inventory:

Hand Weapons
 a - a +0 spear (weapon)
Armour
 b - a +0 leather armour (worn)
 i - a +2 helmet (worn)
Scrolls
 e - a scroll of identify {unknown}
 g - a scroll of amnesia {unknown}
 h - a scroll of remove curse {unknown}
Potions
 c - a potion of degeneration {unknown}
 f - a potion of haste {unknown}
Comestibles
 d - a ration


   Skills:
 + Level 2.8 Fighting
 * Level 4.6 Polearms
 - Level 0.6 Armour
 + Level 3.4 Dodging
 - Level 2.0 Spellcasting
 - Level 3.2 Charms


You had 5 spell levels left.
You knew the following spells:

 Your Spells              Type           Power        Failure   Level  Hunger
a - Infusion              Chrm           #...         9%          1    ##.....

Your spell library contained the following spells:

 Spells                   Type           Power        Failure   Level  Hunger
 Song of Slaying          Chrm           #.......     14%         2    ###....
 Shroud of Golubria       Chrm/Tloc      #.....       26%         2    ###....
 Regeneration             Chrm/Necr      #.........   47%         3    ####...
 Spectral Weapon          Hex/Chrm       #.......     47%         3    ####...


Dungeon Overview and Level Annotations

Branches:
Dungeon (2/15)

Altars:

Annotations:
D:2 Crazy Yiuf


Message History

Confirm with . or Enter, or press ? or * to list all spells.
You don't know that spell.
Casting: Infusion (safe; 9% risk of failure)
Confirm with . or Enter, or press ? or * to list all spells.
You begin infusing your attacks with magical energy.
You open the door. You hit Crazy Yiuf.
Crazy Yiuf is lightly wounded.
Crazy Yiuf barely misses you.
You barely miss Crazy Yiuf.
Crazy Yiuf is lightly wounded.
Crazy Yiuf hits you with a +2 quarterstaff of chaos!
You barely miss Crazy Yiuf.
Crazy Yiuf is lightly wounded.
You hit Crazy Yiuf.
Crazy Yiuf is moderately wounded.
Crazy Yiuf hits you with a +2 quarterstaff of chaos!
* * * LOW HITPOINT WARNING * * *
Crazy Yiuf freezes you.
You die...

#.#..## #.#.†##
#...... ###..## #.†##
######## ##..# ###
###)#)...###...#
#)))##))#).....##..##
#.))g@####......#..#
#)))### ##........#
### #######..# #..#
#..# #..# #..# #..#
#..#


You could see Crazy Yiuf.

Vanquished Creatures
  An adder (D:2)
  9 giant cockroaches
  3 goblins (D:1)
  3 hobgoblins
  5 jackals (D:1)
  A kobold (D:1)
  A quokka (D:2)
  A ball python (D:1)
  A bat (D:1)
  5 frilled lizards
  2 rats
32 creatures vanquished.

Notes
Turn   | Place    | Note
-------+----------+-------------------------------------------
     0 | D:1      | D1HalberdGnoll the Merfolk Skald began the quest for the
                  | Orb.
     0 | D:1      | Reached XP level 1. HP: 16/16 MP: 3/3
   118 | D:1      | Reached XP level 2. HP: 22/23 MP: 0/5
   297 | D:1      | Reached skill level 4 in Polearms
   342 | D:1      | Reached XP level 3. HP: 27/28 MP: 3/6
   846 | D:2      | Found a runed translucent door.
   847 | D:2      | Noticed Crazy Yiuf
   856 | D:2      | Slain by Crazy Yiuf

Levels and vault maps discovered:
D:1:      dpeg_arrival_prison, layout_rooms
D:2:      layout_loops_ring, amethyst_overflow_temple_binary,
          uniq_crazy_yiuf_cottage, uniq_robin

Skill      XL: |  1  2 |
---------------+-------+-----
Dodging        | 3 |  3.4
Polearms       | 4 |  4.6
Fighting       | |  2.8
Armour         | |  0.6
Spellcasting   | |  2.0
Charms         | |  3.2

Action                   || total
-------------------------++-------
Melee: Spear             ||   104
 Cast: Infusion          ||     8
 Stab: Sleeping          ||     2
Armor: Leather armour    ||    24
Dodge: Dodged            ||    57

Table legend:
 A = Non-vault XP
 B = Vault XP
 C = Vault XP percentage of total XP
 D = Non-vault monster count
 E = Vault monster count
 F = Vault count percentage of total count
                 A         B        C        D         E       F
            +---------+---------+-------+---------+---------+-------
      Total |      60 |       7 |  10.4 |      28 |       4 |  12.5
            +---------+---------+-------+---------+---------+-------
        D:1 |      36 |       7 |  16.3 |      21 |       4 |  16.0
        D:2 |      24 |       0 |   0.0 |       7 |       0 |   0.0
            +---------+---------+-------+---------+---------+-------
